 Dungeon Crawl Stone Soup version 0.27-a0-887-gcab673c142 (webtiles) character file.

Game seed: 14515235830859380686

149 Hasart the Chopper (level 4, -1/37 HPs)
             Began as a Demigod Fighter on Apr 4, 2021.
             Slain by a hobgoblin (2 damage)
             ... led by Robin
             ... on level 2 of the Dungeon.
             The game lasted 00:05:40 (2184 turns).

Hasart the Chopper (Demigod Fighter)                Turns: 2184, Time: 00:05:41

Health: -1/37      AC:  7    Str: 21    XL:     4   Next: 82%
Magic:  6/6        EV:  7    Int: 10    God:
Gold:   47         SH:  9    Dex: 13    Spells: 3/3 levels left

rFire    . . .     SeeInvis .   a - +0 war axe
rCold    . . .     Faith    .   c - +0 kite shield
rNeg     . . .     Spirit   .   b - +0 scale mail
rPois    .         Reflect  .   (no helmet)
rElec    .         Harm     .   (no cloak)
rCorr    .         Rampage  .   f - +0 pair of gloves
Will     +....                  (no boots)
Stlth    ..........             (no amulet)
HPRegen  0.12/turn              k - ring of willpower
MPRegen  0.10/turn              (no ring)

@: mighty
A: high mp 1, forlorn
a: no special abilities


You were on level 2 of the Dungeon.
You visited 1 branch of the dungeon, and saw 4 of its levels.

You collected 47 gold pieces.

Inventory:

Hand Weapons
 a - a +0 war axe (weapon)
Armour
 b - a +0 scale mail (worn)
 c - a +0 kite shield (worn)
 f - a +0 pair of gloves (worn)
Jewellery
 k - a ring of willpower (left hand)
Scrolls
 g - 2 scrolls of identify
 i - a scroll of immolation
Potions
 h - 2 potions of flight
 j - a potion of attraction {unknown}
 l - a potion of cancellation {unknown}


   Skills:
 - Level 2.6 Fighting
 * Level 4.9 Axes
 - Level 2.6 Armour
 - Level 2.6 Shields


You had 3 spell levels left.
You didn't know any spells.
Your spell library was empty.

Dungeon Overview and Level Annotations

Branches:
Dungeon (4/15)             Temple (0/1) D:4

Shops:
D:4 *


Innate Abilities, Weirdness & Mutations

Your attributes grow dramatically as you level up.
You have an increased reservoir of magic. (+10% MP)
You shall have no god before yourself.


Message History

You feel better. Robin barely misses you.
Unknown command.
You hit Robin.
Robin is heavily wounded.
Robin barely misses you.
Robin's horned helmet rattles.
Robin throws the goblin at you!
* * * LOW HITPOINT WARNING * * *
You feel very mighty all of a sudden.
Robin roars a battlecry!
You block the goblin's attack.
You hear a shout!
Unknown command.
You slash Robin!
You kill Robin!
Your shield and scale mail prevent you from hitting the goblin.
The goblin no longer looks unusually strong.
The goblin hits you but does no damage.
You slice the goblin!!
You kill the goblin!
A hobgoblin comes into view.
Items here: )) [[.
You hit the hobgoblin.
The hobgoblin is heavily wounded.
The hobgoblin hits you.
* * * LOW HITPOINT WARNING * * *
The hobgoblin hits you.
* * * LOW HITPOINT WARNING * * *
A goblin comes into view. It is wielding a +0 dagger.
You closely miss the hobgoblin.
The hobgoblin is heavily wounded.
The hobgoblin no longer looks unusually strong.
The hobgoblin hits you but does no damage.
Unknown command.
Your shield prevents you from hitting the hobgoblin.
The hobgoblin is heavily wounded.
The hobgoblin hits you.
* * * LOW HITPOINT WARNING * * *
The hobgoblin hits you.
You die...

..###.. #.#
### ###..
## ##
####....
#.# #.#
.......
#)###.#####
#.#...
#)#g>./...
#..... ##@#
##.... #)#
#.... #.#
##... #.#
#..# #.#
##..
######.#
#.#
#......#
#.#
#.######
##### #..
#.# #...#
##.


You could see a hobgoblin.

Vanquished Creatures
  A hound (D:4)
  Robin (D:2)
  5 adders
  2 dart slugs (D:1)
  2 ball pythons
  4 bats
  4 endoplasms
  A giant cockroach (D:2)
  12 goblins
  6 hobgoblins
  6 jackals
  A frilled lizard (D:1)
  6 kobolds
  4 rats
55 creatures vanquished.

Notes
Turn   | Place    | Note
-------+----------+-------------------------------------------
     0 | D:1      | Hasart the Demigod Fighter began the quest for the Orb.
     0 | D:1      | Reached XP level 1. HP: 18/18 MP: 3/3
   120 | D:1      | Reached skill level 2 in Axes
   159 | D:1      | Reached XP level 2. HP: 25/25 MP: 4/4
   800 | D:2      | Reached skill level 3 in Axes
  1116 | D:2      | Reached XP level 3. HP: 17/30 MP: 5/5
  1319 | D:2      | You fall into a shaft and drop 2 floors!
  1353 | D:4      | Found a staircase to the Ecumenical Temple.
  1375 | D:4      | Found Apiwam's Mass Market.
  1402 | D:3      | Noticed an ice beast
  1415 | D:4      | Reached skill level 4 in Axes
  1465 | D:4      | Reached XP level 4. HP: 31/37 MP: 6/6
  2148 | D:2      | Noticed Robin
  2179 | D:2      | Killed Robin
  2184 | D:2      | HP: 1/37 [hobgoblin[Robin] (2)]
  2184 | D:2      | Slain by a hobgoblin

Illustrated notes

Levels and vault maps discovered:
D:1:      minmay_arrival_wavy_path, layout_loops_ring
D:2:      minmay_skewed_foursquare, layout_loops_cross,
          ebering_ecumenical_altar_webs, uniq_robin
D:3:      layout_basic, minmay_distorted
D:4:      layout_loops_ring, grunt_temple_overflow_open,
          nicolae_tso_carved_into_rock, minmay_temple_entry_overgrown,
          minmay_shop_mass, grunt_ministairs_15

Skill      XL: |  1  2  3 |
---------------+----------+-----
Axes           | 2 3 4 |  4.9
Fighting       | |  2.6
Armour         | |  2.6
Shields        | |  2.6

Action                   |  1- 3 |  4- 6 || total
-------------------------+-------+-------++-------
Melee: War axe           |    72 |    91 ||   163
  Use: Scroll            |     3 |       ||     3
       Potion            |       |     2 ||     2
Armor: Scale mail        |    44 |    38 ||    82
Dodge: Dodged            |    20 |    26 ||    46
Block: Kite shield       |    54 |    45 ||    99

Table legend: (Time is in decaauts)
 A = Elapsed time spent in this place.
 B = Non-inter-level travel time spent in this place.
 C = Inter-level travel time spent in this place.
 D = Time resting spent in this place.
 E = Time spent auto-exploring this place.
 F = Levels seen in this place.
 G = Mean time per level.
                   A        B        C        D        E       F      G
               +--------+--------+--------+--------+--------+-----+--------+
         Total |   2277 |   2245 |     32 |    262 |   1421 |   4 |  569.2 |
       Dungeon |   2277 |   2245 |     32 |    262 |   1421 |   4 |  569.2 |
               +--------+--------+--------+--------+--------+-----+--------+

Top non-repeatable levels by time:
     D:2: 904 daAuts
     D:1: 800 daAuts
     D:4: 301 daAuts
     D:3: 270 daAuts
